 Dungeon Crawl Stone Soup version 0.25-a0-294-gea9b1ad378 (webtiles) character file.

Game seed: 788653507190606456, levelgen mode: deterministic

129 Barrydekale the Changer (level 4, -6/32 HPs)
             Began as a Demonspawn Transmuter on Dec 17, 2019.
             Was an Initiate of Makhleb.
             Mangled by Grinder (8 damage)
             ... on level 3 of the Dungeon.
             The game lasted 00:06:02 (2426 turns).

Barrydekale the Changer (Demonspawn Transmuter)     Turns: 2426, Time: 00:06:03

Health: -6/32      AC:  4    Str: 21    XL:     4   Next: 88%
Magic:  1/7        EV: 16    Int: 15    God:    Makhleb [......]
Gold:   95         SH:  0    Dex: 14    Spells: 4/7 levels left

rFire    . . .     SeeInvis .     - Unarmed
rCold    . . .     Gourm    .   (no shield)
rNeg     . . .     Faith    .   b - +0 robe
rPois    .         Spirit   .   (no helmet)
rElec    .         Reflect  .   (no cloak)
rCorr    .         Harm     .   (no gloves)
MR       .....                  (boots currently unavailable)
Stlth    +.........             (no amulet)
HPRegen  0.10/turn              o - +4 ring of evasion (curse)
MPRegen  0.10/turn              q - +6 ring of strength

@: mighty, appendage, very slightly contaminated
A: talons 3, molten scales 1
a: End Transformation, Renounce Religion


You were on level 3 of the Dungeon.
You worshipped Makhleb.
Makhleb was noncommittal.
You were hungry.
You had grown temporary talons.
You visited 1 branch of the dungeon, and saw 3 of its levels.

You collected 95 gold pieces.

Inventory:

Missiles
 a - 10 arrows
 h - 28 stones (quivered)
 m - 16 poisoned darts
Armour
 b - a +0 robe (worn)
Jewellery
 o - a cursed +4 ring of evasion (left hand)
 q - a +6 ring of strength (right hand)
Scrolls
 c - 2 scrolls of remove curse
 e - a scroll of immolation {unknown}
 g - a scroll of noise {unknown}
 i - a scroll of enchant weapon {unknown}
 j - 2 scrolls of identify {unknown}
 l - a scroll of random uselessness {unknown}
 n - a scroll of amnesia {unknown}
 p - a scroll of fear {unknown}
Potions
 k - a potion of mutation {unknown}
Comestibles
 d - 3 rations


   Skills:
 - Level 1.0 Fighting
 - Level 1.7 Dodging
 - Level 2.6 Unarmed Combat
 - Level 2.0 Spellcasting
 + Level 4.7 Transmutations


You had 4 spell levels left.
You knew the following spells:

 Your Spells              Type           Power        Failure   Level  Hunger
a - Beastly Appendage     Tmut           ###...       3%          1    #......
b - Sticks to Snakes      Tmut           ###.....     4%          2    ###....

Your spell library contained the following spells:

 Spells                   Type           Power        Failure   Level  Hunger
 Spider Form              Tmut/Pois      #.........   26%         3    ###....
 Ice Form                 Ice/Tmut       #.......     63%         4    #####..
 Blade Hands              Tmut           ###.......   65%         5    ######.


Dungeon Overview and Level Annotations

Branches:
Dungeon (3/15)

Altars:
Ashenzari
Kikubaaqudgha
Makhleb
Ru
Sif Muna
Trog
Wu Jian

Annotations:
D:3 Grinder, Sigmund


Innate Abilities, Weirdness & Mutations

You are partially covered in molten scales. (AC +2)
You have claws for feet.


Message History

Your ball python barely misses Grinder.
Grinder says, "Don't move a muscle."
Grinder hits you!
You writhe in agony.
Your ball python closely misses Grinder.
Your ball python grabs Grinder.
Your ball python constricts Grinder.
Grinder gestures at you. You resist with significant effort.
Your ball python barely misses Grinder.
Your ball python constricts Grinder.
Grinder hits you.
You writhe in agony.
* * * LOW HITPOINT WARNING * * *
Your ball python barely misses Grinder.
Your ball python constricts Grinder.
Grinder hits you.
* * * LOW HITPOINT WARNING * * *
Your ball python bites Grinder.
Your ball python constricts Grinder.
You can move again.
It was a potion of might.
You feel very mighty all of a sudden.
Your ball python bites Grinder but does no damage.
Your ball python constricts Grinder.
Grinder hits you!
You die...

.... .(. .(. .# #(# ...##
#.# ##?...###.#
.......@..#####..
######5S.†.......
####...##.## ###.......#
##############.÷.#.....##
#..<.##....(...####.##....
#.......######## ... ##.
#.....### ##.# #. #....##
..# #.###


You could see Grinder and a friendly ball python.

Vanquished Creatures
  A centaur zombie (D:3)
  A hound (D:2)
  An adder (D:2)
  An orc (D:3)
  2 giant cockroaches (D:1)
  8 hobgoblins
  8 jackals (D:1)
  12 bats
  2 frilled lizards (D:1)
  5 goblins
  7 kobolds
  2 rats
50 creatures vanquished.

Notes
Turn   | Place    | Note
-------+----------+-------------------------------------------
     0 | D:1      | Barrydekale the Demonspawn Transmuter began the quest for
                  | the Orb.
     0 | D:1      | Reached XP level 1. HP: 15/15 MP: 3/3
   126 | D:1      | Reached skill level 2 in Transmutations
   524 | D:1      | Gained mutation: You are partially covered in molten
                  | scales. (AC +2) [demonic ancestry]
   524 | D:1      | Reached XP level 2. HP: 21/21 MP: 3/5
   535 | D:1      | Learned a level 2 spell: Sticks to Snakes
   680 | D:1      | Reached skill level 3 in Transmutations
  1082 | D:1      | Reached XP level 3. HP: 22/26 MP: 4/6
  1791 | D:2      | Found a burning altar of Makhleb.
  1801 | D:2      | Reached skill level 4 in Transmutations
  1801 | D:2      | Reached XP level 4. HP: 24/32 MP: 5/7
  1805 | D:2      | Became a worshipper of Makhleb the Destroyer
  1844 | D:2      | Found a bloodstained altar of Trog.
  1848 | D:2      | Found a sacrificial altar of Ru.
  1849 | D:2      | Found an ancient bone altar of Kikubaaqudgha.
  1850 | D:2      | Found a shimmering blue altar of Sif Muna.
  1854 | D:2      | Found a shattered altar of Ashenzari.
  1857 | D:2      | Found an ornate altar of the Wu Jian Council.
  1899 | D:3      | Noticed Grinder
  1986 | D:3      | Noticed Sigmund
  2421 | D:3      | Paralysed by Grinder for 5 turns
  2426 | D:3      | Mangled by Grinder

Levels and vault maps discovered:
D:1:      dpeg_arrival_snail, layout_basic
D:2:      layout_basic, minitemple, makhleb_heckhound_becter
D:3:      layout_rooms, uniq_sigmund, uniq_grinder, uniq_robin

Skill      XL: |  1  2  3 |
---------------+----------+-----
Transmutations | 2 3 4 |  4.7
Fighting       | |  1.0
Dodging        | |  1.7
Unarmed Combat | |  2.6
Spellcasting   | |  2.0

Action                   |  1- 3 |  4- 6 || total
-------------------------+-------+-------++-------
Melee: Unarmed           |   177 |    35 ||   212
       Headbutt          |     9 |     5 ||    14
       Kick              |     9 |       ||     9
       Punch             |     1 |       ||     1
Throw: Stone             |    10 |    12 ||    22
 Cast: Beastly Appendage |    17 |     8 ||    25
       Sticks to Snakes  |       |     2 ||     2
  Use: Scroll            |       |     1 ||     1
       Potion            |       |     1 ||     1
 Stab: Sleeping          |     1 |       ||     1
  Eat: Chunk             |     3 |     2 ||     5
Armor: Robe              |    50 |    11 ||    61
Dodge: Dodged            |   129 |    29 ||   158

Table legend:
 A = Non-vault XP
 B = Vault XP
 C = Vault XP percentage of total XP
 D = Non-vault monster count
 E = Vault monster count
 F = Vault count percentage of total count
                 A         B        C        D         E       F
            +---------+---------+-------+---------+---------+-------
      Total |     142 |      43 |  23.2 |      49 |       1 |   2.0
            +---------+---------+-------+---------+---------+-------
        D:1 |      57 |       0 |   0.0 |      32 |       0 |   0.0
        D:2 |      23 |      43 |  65.2 |       7 |       1 |  12.5
        D:3 |      62 |       0 |   0.0 |      10 |       0 |   0.0
            +---------+---------+-------+---------+---------+-------
